 Dungeon Crawl Stone Soup version 0.17-a0-1987-gaf5a542 (webtiles) character file.

56 Geeful the Magician (level 3, 0/28 HPs)
             Began as a Naga Wizard on Oct 6, 2015.
             Succumbed to an adder's poison
             ... on level 2 of the Dungeon.
             The game lasted 00:08:19 (2304 turns).

Geeful the Magician (Naga Wizard)                   Turns: 2304, Time: 00:08:19

Health: 0/28       AC:  3    Str: 14    XL:     3   Next: 95%
Magic:  1/8        EV:  9    Int: 24    God:
Gold:   44         SH:  0    Dex:  9    Spells: 3 memorised, 3 levels left

rFire  . . .     SeeInvis +     m - -3 hand axe (curse)
rCold  . . .     Clarity  .     a - +0 robe
rNeg   . . .     SustAt   .     (no shield)
rPois  +         Gourm    .     f - +0 helmet
rElec  .         Spirit   .     (no cloak)
rCorr  .         Warding  .     (no gloves)
rMut   .         Stasis   .     (no barding)
MR     .....                    (no amulet)
Stlth  ++........               (no ring)
                                (no ring)

@: mighty, brilliant, lethally poisoned (0 -> -5), very slightly contaminated,
very slow, not resistant to hostile enchantments, unstealthy
A: see invisible, deformed body, poison resistance, slowness 2, slow metabolism
1, spit poison 2, AC +1
a: Spit Poison


You were on level 2 of the Dungeon.
You were hungry.

You visited 1 branch of the dungeon, and saw 2 of its levels.

You collected 44 gold pieces.

Inventory:

Hand Weapons
 e - a +0 dagger
 m - a cursed -3 hand axe (weapon)
 o - a +0 mace of protection
Armour
 a - a +0 robe (worn)
 b - a +0 hat
 f - a +0 helmet (worn)
Scrolls
 h - a scroll of recharging {unknown}
 l - a scroll of teleportation {unknown}
 n - a scroll of identify {unknown}
 q - 2 scrolls of amnesia {unknown}
Potions
 g - a potion of heal wounds {unknown}
 i - a potion of brilliance
 p - a potion of mutation {unknown}
Books
 c - a book of Minor Magic

   Spells                             Type                      Level
   a - Magic Dart                     Conjuration                  1
   b - Blink                          Translocation                2
   c - Call Imp                       Summoning                    2
   d - Repel Missiles                 Charms/Air                   2
   e - Slow                           Hexes                        2
   f - Conjure Flame                  Conjuration/Fire             3
   g - Mephitic Cloud                 Conjuration/Poison/Air       3
Comestibles
 d - a bread ration
 j - a slice of pizza


   Skills:
 - Level 1.5 Dodging
 - Level 3.0 Stealth
 + Level 3.9 Spellcasting
 + Level 2.4 Conjurations
 - Level 1.0 Summonings
   Level 1.0 Translocations


You had 3 spell levels left.
You knew the following spells:

 Your Spells              Type           Power        Failure   Level  Hunger
a - Magic Dart            Conj           ####         1%          1    None
b - Call Imp              Summ           ###.....     1%          2    #......
c - Mephitic Cloud        Conj/Pois/Air  ###.....     3%          3    ##.....


Dungeon Overview and Level Annotations

Branches:
Dungeon (2/15)

Altars:


Innate Abilities, Weirdness & Mutations

You cannot wear boots.
Your serpentine skin is tough (AC +1).
You have supernaturally acute eyesight.
Armour fits poorly on your strangely shaped body.
Your system is resistant to poisons.
You cover ground very slowly.
You have a slow metabolism.
You can spit poison.


Message History

Your crimson imp disappears in a puff of smoke!
The adder bites you but does no damage.
* * * LOW HITPOINT WARNING * * *
You feel sick. The adder barely misses you.
Your crimson imp closely misses the adder.
The adder bites you.
* * * LOW HITPOINT WARNING * * *
* * * LOW HITPOINT WARNING * * *
You feel sick. The adder bites you.
* * * LOW HITPOINT WARNING * * *
Your crimson imp closely misses the adder.
Drink which item? (? for menu, Esc to quit)
It was a potion of brilliance.
You feel clever all of a sudden. The adder closely misses you.
Your crimson imp barely misses the adder.
Drink which item? (? for menu, Esc to quit)
It was a potion of might.
You feel very mighty all of a sudden.
You die...

#.##.##.## .#
#.##.##..# .#
#.####
#.##.##..## .#
.....
#.##.##...##.#
....
#.##....#.##.#
....
#.#####.#..#.#
.... #..
#.#..#.##....
#.#......#
#.###@.#ยง#
#....S.#.#
#.....#5>..#
#.###.#.####
#.#.# #.#.#
#.#.# ..#.#
#.#.#


You could see an adder and a friendly crimson imp.

Vanquished Creatures
  An adder (D:2)
  3 giant geckos (D:1)
  6 giant cockroaches
  8 goblins
  3 hobgoblins (D:1)
  5 kobolds (D:1)
  6 bats
  2 giant newts (D:1)
  5 rats
39 creatures vanquished.

Notes
Turn   | Place    | Note
--------------------------------------------------------------
     0 | D:1      | Geeful the Naga Wizard began the quest for the Orb.
     0 | D:1      | Reached XP level 1. HP: 15/15 MP: 4/4
   198 | D:1      | Reached XP level 2. HP: 4/22 MP: 3/6
  1127 | D:1      | Reached XP level 3. HP: 15/28 MP: 1/8
  2214 | D:2      | Learned a level 2 spell: Call Imp
  2218 | D:2      | Learned a level 3 spell: Mephitic Cloud
  2302 | D:2      | HP: 1/28 [adder (1)]
  2304 | D:2      | Succumbed to an adder's poison

Vault maps used:
D:1:      tarquinn_simple_flora_water_a
D:2:      nicolae_ru_awakened_eye, minmay_bad_closet

Action                   || total
-------------------------++-------
Melee: Unarmed           ||    17
       Dagger            ||    38
       Hand axe          ||    11
 Cast: Magic Dart        ||    69
       Call Imp          ||     2
 Abil: Spit Poison       ||    20
  Use: Potion            ||     2
       Scroll            ||     1
 Stab: Sleeping          ||     3
  Eat: Chunk             ||     3
